 Dungeon Crawl Stone Soup version 0.29-a0-25-g7f48f510a0 (webtiles) character file.

Game seed: 10019935390684598761

128 HallandMoats the Poker (level 5, -4/37 HPs)
             Began as an Octopode Monk on Jan 31, 2022.
             Succumbed to a kobold brigand's curare-tipped dart
             ... on level 3 of the Dungeon.
             The game lasted 00:02:56 (2973 turns).

HallandMoats the Poker (Octopode Monk)              Turns: 2973, Time: 00:02:57

Health: -4/37      AC:  2    Str: 11    XL:     5   Next: 11%
Magic:  6/6        EV: 14    Int: 12    God:
Gold:   144        SH:  0    Dex: 16    Spells: 4/4 levels left

rFire   . . .      SeeInvis .   a - +0 spear
rCold   . . .      Faith    .   (no shield)
rNeg    . . .      Spirit   .   e - +1 hat
rPois   .          Reflect  .   (no amulet)
rElec   .          Harm     .   (no ring)
rCorr   .          Rampage  .   (no ring)
Will    .....                   (no ring)
Stlth   ++++......              (no ring)
HPRegen 0.12/turn               (no ring)
MPRegen 0.10/turn               (no ring)
                                (no ring)
                                (no ring)

@: lethally poisoned (-4 -> -20), flying, slowed, very slow
A: almost no armour, amphibious, 8 rings, camouflage 1, gelatinous body 1,
nimble swimmer 1, tentacles
a: no special abilities


You were on level 3 of the Dungeon.
You visited 1 branch of the dungeon, and saw 3 of its levels.

You collected 144 gold pieces.

Inventory:

Hand Weapons
 a - a +0 spear (weapon)
Armour
 e - a +1 hat (worn)
Jewellery
 h - a ring of positive energy
Scrolls
 b - a scroll of enchant weapon {unknown}
 d - a scroll of teleportation {unknown}
 f - 2 scrolls of torment {unknown}
Potions
 c - a potion of flight
 g - a potion of cancellation {unknown}


   Skills:
 * Level 4.0 Fighting
 * Level 4.0 Polearms
 + Level 3.5 Dodging
 - Level 2.6 Stealth
 + Level 1.7 Invocations


You had 4 spell levels left.
You didn't know any spells.
Your spell library was empty.

Dungeon Overview and Level Annotations

Branches:
Dungeon (3/15)

Altars:
Hepliaklqana
Zin
The Shining One

Shops:
D:3 :


Innate Abilities, Weirdness & Mutations

You cannot wear most types of armour.
You are amphibious.
You can wear up to eight rings at the same time.
Your skin changes colour to match your surroundings (Stealth+).
Your rubbery body absorbs attacks. (AC +1, EV +1)
You are camouflaged when in or above water. (Stealth+)
You have tentacles for arms and can constrict up to eight enemies at once.


Message History

You hit the gnoll.
The gnoll is moderately wounded.
The gnoll shouts!
The gnoll hits you from afar with a +0 halberd. x2
You reach to attack!
The gnoll sergeant shouts!
You hit the gnoll.
The gnoll is moderately wounded.
The gnoll closely misses you.
The gnoll hits you from afar with a +0 halberd!
You are too injured to fight recklessly!
You are too injured to fight recklessly!
You are too injured to fight recklessly!
You are too injured to fight recklessly!
You are too injured to fight recklessly!
The gnoll misses you.
A kobold brigand comes into view.
It is wielding a +0 whip and quivering curare-tipped darts.
The kobold brigand shouts!
The kobold brigand throws a curare-tipped dart.
The curare-tipped dart hits you.
You are poisoned.
You have difficulty breathing.
You feel yourself slow down.
* * * LOW HITPOINT WARNING * * *
You feel very sick.
You feel sick.
You feel sick.
You feel sick.
You feel sick.
You feel sick.
You are no longer poisoned.
The kobold brigand throws a curare-tipped dart.
The curare-tipped dart hits you.
You are lethally poisoned!
You have difficulty breathing.
* * * LOW HITPOINT WARNING * * *
You feel as though you will be slow longer.
It was a potion of flight.
You feel very buoyant.
You fly up into the air.
You die...

.[.....................#
.......................#
≈.≈≈.≈≈≈≈...≈.≈≈..≈.≈..#
≈≈≈g≈≈≈≈≈g≈≈≈≈≈≈≈≈≈≈≈≈≈#
≈≈≈≈≈≈≈≈≈≈≈≈≈≈≈≈K≈≈≈≈≈≈#
≈≈≈≈≈≈≈≈≈≈≈#####≈≈≈≈≈≈≈#
############ #≈≈≈≈≈≈≈#
#≈≈≈≈≈≈≈# #@≈≈≈≈≈≈#
##≈≈≈≈≈≈≈# #≈≈≈≈≈≈≈##
#≈≈≈≈≈≈≈# #≈≈≈≈≈≈≈#
##≈≈≈≈≈≈# #≈≈≈≈≈##
#≈≈≈≈≈# ############
#≈≈≈≈≈#


You could see a kobold brigand.

Vanquished Creatures
  Natasha (D:2)
  2 gnolls (D:3)
  2 adders (D:2)
  A worm (D:2)
  A ball python (D:2)
  5 bats
  5 endoplasms
  2 giant cockroaches (D:1)
  8 goblins
  5 hobgoblins
  5 jackals (D:1)
  17 kobolds
  3 rats
57 creatures vanquished.

Notes
Turn   | Place    | Note
-------+----------+-------------------------------------------
     0 | D:1      | HallandMoats the Octopode Monk began the quest for the Orb.
     0 | D:1      | Reached XP level 1. HP: 16/16 MP: 1/1
   134 | D:1      | Reached XP level 2. HP: 17/21 MP: 2/2
   461 | D:1      | Reached XP level 3. HP: 14/26 MP: 3/3
   483 | D:1      | Reached skill level 1 in Invocations
  1110 | D:2      | Found a glowing golden altar of the Shining One.
  1619 | D:2      | Found a faded altar of an unknown god.
  1700 | D:2      | Noticed Natasha
  1713 | D:2      | Killed Natasha
  1714 | D:2      | Reached XP level 4. HP: 7/33 MP: 3/5
  2257 | D:3      | Found a hazy altar of Hepliaklqana.
  2602 | D:3      | Reached XP level 5. HP: 23/37 MP: 6/6
  2820 | D:3      | Found Couffac's Book Boutique.
  2875 | D:3      | Found a glowing silver altar of Zin.
  2962 | D:3      | Noticed a kobold brigand
  2972 | D:3      | HP: 1/37 [asphyx]
  2973 | D:3      | Succumbed to a kobold brigand's curare-tipped dart

Illustrated notes

Levels and vault maps discovered:
D:1:      dpeg_arrival_rooms_with_view, layout_loops_cross,
          hangedman_decor_clover_reticule
D:2:      layout_basic, basic_altar, basic_ecumenical_altar, uniq_natasha
D:3:      minmay_goblin_kobold_castle, layout_basic,
          mainiacjoe_overflow_catch_the_wave, zin_treasury, serial_shops,
          nicolae_lakefront_shop, corner_web_ring

Skill      XL: |  1  2  3  4 |
---------------+-------------+-----
Invocations    | 1 |  1.7
Polearms       | 4 |  4.0
Fighting       | 4 |  4.0
Dodging        | |  3.5
Stealth        | |  2.6

Action                   |  1- 3 |  4- 6 || total
-------------------------+-------+-------++-------
Melee: Spear             |    97 |    73 ||   170
       Constrict         |    15 |    12 ||    27
       Tentacles         |     7 |    11 ||    18
       Punch             |     1 |     1 ||     2
  Use: Potion            |       |     1 ||     1
 Stab: Sleeping          |    17 |     5 ||    22
       Distracted        |     1 |       ||     1
Armor: Skin              |     3 |     9 ||    12
Dodge: Dodged            |    30 |    27 ||    57

Table legend: (Time is in decaauts)
 A = Elapsed time spent in this place.
 B = Non-inter-level travel time spent in this place.
 C = Inter-level travel time spent in this place.
 D = Time resting spent in this place.
 E = Time spent auto-exploring this place.
 F = Levels seen in this place.
 G = Mean time per level.
                   A        B        C        D        E       F      G
               +--------+--------+--------+--------+--------+-----+--------+
         Total |   2961 |   2843 |    118 |    270 |   2032 |   3 |  987.0 |
       Dungeon |   2961 |   2843 |    118 |    270 |   2032 |   3 |  987.0 |
               +--------+--------+--------+--------+--------+-----+--------+

Top non-repeatable levels by time:
     D:2: 1056 daAuts
     D:1: 1028 daAuts
     D:3: 876 daAuts
